 Dungeon Crawl Stone Soup version 0.22.1-2-g9c5b331 (webtiles) character file.

41 Matador8 the Magician (level 3, 0/25 HPs)
             Began as a Human Wanderer on Dec 17, 2018.
             Slain by a gnoll
             ... wielding a +0 flail
              (6 damage)
             ... on level 1 of the Dungeon.
             The game lasted 00:10:10 (1351 turns).

Matador8 the Magician (Human Wanderer)              Turns: 1351, Time: 00:10:11

Health: 0/25       AC:  5    Str: 11    XL:     3   Next: 75%
Magic:  8/8        EV:  9    Int: 11    God:
Gold:   42         SH:  0    Dex: 15    Spells: 10/10 levels left

rFire    . . .     SeeInvis .   a - +0 blowgun
rCold    . . .     Gourm    .   (no shield)
rNeg     . . .     Faith    .   p - +0 ring mail
rPois    .         Spirit   .   (no helmet)
rElec    .         Reflect  .   (no cloak)
rCorr    .         Harm     .   (no gloves)
MR       .....                  (no boots)
Stlth    +.........             (no amulet)
HPRegen  0.08/turn              (no ring)
MPRegen  0.11/turn              (no ring)

@: no status effects
A: no striking features
a: no special abilities


You were on level 1 of the Dungeon.
You were not hungry.

You visited 1 branch of the dungeon, and saw 2 of its levels.

You collected 42 gold pieces.

Inventory:

Hand Weapons
 a - a +0 blowgun (weapon)
 b - a +1 spear of flaming
 n - a +0 short sword
Missiles
 h - 48 stones (quivered)
Armour
 e - a +0 robe
 k - a +0 chain mail
 p - a +0 ring mail (worn)
Scrolls
 d - a scroll of noise {unknown}
 g - a scroll of remove curse {unknown}
 i - a scroll of teleportation {unknown}
 m - a scroll of amnesia {unknown}
 o - a scroll of identify {unknown}
 q - a scroll of immolation {unknown}
Potions
 l - a potion of haste {unknown}
Comestibles
 f - 3 rations


   Skills:
 - Level 0.8 Fighting
 - Level 1.0 Short Blades
 * Level 1.1 Polearms
 + Level 2.1 Throwing
   Level 1.0 Shields
 - Level 0.7 Unarmed Combat
 - Level 4.0 Spellcasting
   Level 1.0 Hexes
   Level 1.0 Translocations
   Level 2.0 Earth Magic


You had 10 spell levels left.
You didn't know any spells.
Your spell library contained the following spells:

 Spells                   Type           Power        Failure   Level  Hunger
 Sandblast                Erth           #.....       26%         1    #......
 Sting                    Conj/Pois      #...         50%         1    #......
 Passwall                 Tmut/Erth      #.......     50%         2    ##.....
 Stone Arrow              Conj/Erth      #.....       75%         3    ###....
 Mephitic Cloud           Conj/Pois/Air  #.......     86%         3    ###....
 Petrify                  Tmut/Erth      #.......     98%         4    #####..
 Lee's Rapid Deconstruct  Erth           #.........   100%        5    ######.


Dungeon Overview and Level Annotations

Branches:
Dungeon (2/15)

Altars:


Message History

The gnoll hits you with a flail.
* * * LOW HITPOINT WARNING * * *
The gnoll looks more healthy.
Firing (i - inventory. (/) - cycle)
c - 2 poisoned needles (quivered)
Press: ? - help, Shift-Dir - straight line, f/p - gnoll
Aim: a gnoll, wielding a flail (heavily wounded)
You shoot a poisoned needle. The poisoned needle hits the gnoll.
The gnoll is poisoned.
The gnoll is heavily wounded.
The gnoll hits you with a flail.
* * * LOW HITPOINT WARNING * * *
The gnoll looks more healthy.
Firing (i - inventory. (/) - cycle)
c - a poisoned needle (quivered)
Press: ? - help, Shift-Dir - straight line, f/p - gnoll
Aim: a gnoll, wielding a flail (severely wounded)
You shoot a poisoned needle. The poisoned needle hits the gnoll.
The gnoll is poisoned.
The gnoll is severely wounded.
The gnoll hits you with a flail.
You die...

...##### #.....##......# #.#
#......###.######......# #.# ####
....##.##..# #......# #.###...
....##....## #.....^# #.##....
##..####...###########.###)......
#.............# ###...........
##.##..#......# ##.....(.######
###............####...####..#####
....#####.......@g...## #...##...
###.# #........##.#######.#......
##.###.#......#..# ##...####...
#......#...>....## ##.....######
#..#####......######.......#
##..# ###.##......#.......# ....#
#...#######.).......#
.##.#####รท### ####...(.##
.##........## ##.....##


You could see a gnoll.

Vanquished Creatures
  A dart slug (D:1)
  2 leopard geckos (D:1)
  A giant cockroach (D:1)
  7 goblins (D:1)
  3 hobgoblins (D:1)
  6 jackals (D:1)
  3 bats (D:1)
  A frilled lizard (D:1)
  6 kobolds (D:1)
  3 rats (D:1)
33 creatures vanquished.

Notes
Turn   | Place    | Note
-------+----------+-------------------------------------------
     0 | D:1      | Matador8 the Human Wanderer began the quest for the Orb.
     0 | D:1      | Matador8 set off with: 10 poisoned needles, a +0 blowgun, a
                  | +0 robe, a ration
     0 | D:1      | Reached XP level 1. HP: 13/13 MP: 5/5
   347 | D:1      | Reached XP level 2. HP: 5/20 MP: 7/7
   767 | D:1      | Reached XP level 3. HP: 12/25 MP: 8/8
   849 | D:1      | Reached skill level 1 in Short Blades
  1154 | D:1      | Reached skill level 1 in Polearms
  1351 | D:1      | Slain by a gnoll

Skill      XL: |  1  2  3 |
---------------+----------+-----
Short Blades   | 1 |  1.0
Throwing       | 2 |  2.1
Polearms       | 1 |  1.1
Fighting       | |  0.8
Shields        | |  1.0
Unarmed Combat | |  0.7
Spellcasting   | |  4.0
Hexes          | |  1.0
Translocations | |  1.0
Earth Magic    | |  2.0

Action                   || total
-------------------------++-------
Melee: Dagger            ||     6
       Unarmed           ||     5
       Short sword       ||    37
       Spear             ||    38
 Fire: Blowgun           ||    26
Throw: Stone             ||     2
  Eat: Chunk             ||     1
Armor: Robe              ||    11
       Chain mail        ||    57
       Ring mail         ||     4
Dodge: Dodged            ||    36
